 Dungeon Crawl Stone Soup version 0.26.1-10-gdfb7c7de75 (webtiles) character file.

Game seed: 5004958412134867619

21 sankara the Ruffian (level 2, 0/23 HPs)
             Began as a Minotaur Transmuter on Apr 2, 2021.
             Succumbed to an adder's poison
             ... on level 2 of the Dungeon.
             The game lasted 00:02:10 (1035 turns).

sankara the Ruffian (Minotaur Transmuter)           Turns: 1035, Time: 00:02:11

Health: 0/23       AC:  3    Str: 14    XL:     2   Next: 65%
Magic:  3/3        EV: 12    Int: 12    God:
Gold:   29         SH:  0    Dex: 10    Spells: 1/4 levels left

rFire    . . .     SeeInvis .     - Unarmed
rCold    . . .     Faith    .   (no shield)
rNeg     . . .     Spirit   .   a - +0 robe
rPois    .         Reflect  .   (helmet currently unavailable)
rElec    .         Harm     .   (no cloak)
rCorr    .         Rampage  .   l - +0 pair of gloves
Will     +....                  (boots currently unavailable)
Stlth    +.........             (no amulet)
HPRegen  0.07/turn              (no ring)
MPRegen  0.08/turn              (no ring)

@: lethally poisoned (0 -> -9), appendages (expiring)
A: retaliatory headbutt, horns 2, talons 2, clever 1, strong-willed 1
a: End Transformation


You were on level 2 of the Dungeon.
You had grown temporary talons.
You visited 1 branch of the dungeon, and saw 2 of its levels.

You collected 29 gold pieces.

Inventory:

Missiles
 f - 53 stones
 k - 10 poisoned darts (quivered)
Armour
 a - a +0 robe (worn)
 d - a cursed +0 leather armour
 l - a +0 pair of gloves (worn)
Scrolls
 b - a scroll of remove curse {unknown}
 e - a scroll of teleportation {unknown}
 g - 2 scrolls of enchant armour {unknown}
 i - a scroll of magic mapping {unknown}
 m - a scroll of fog {unknown}
 n - a scroll of amnesia {unknown}
Potions
 h - a potion of cancellation {unknown}
 j - a potion of lignification {unknown}


   Skills:
 + Level 1.5 Fighting
 + Level 2.4 Dodging
 * Level 3.6 Unarmed Combat
 + Level 1.5 Spellcasting
 * Level 2.0 Transmutations


You had one spell level left.
You knew the following spells:

 Your Spells              Type           Power        Failure   Level
a - Beastly Appendage     Tmut           10%          13%         1
b - Wereblood             Tmut           5%           19%         2

Your spell library contained the following spells:

 Spells                   Type           Power        Failure   Level
 Spider Form              Tmut/Pois      1%           50%         3
 Ice Form                 Ice/Tmut       3%           88%         4
 Blade Hands              Tmut           2%           98%         5


Dungeon Overview and Level Annotations

Branches:
Dungeon (2/15)

Altars:


Innate Abilities, Weirdness & Mutations

You reflexively headbutt those who attack you in melee.
You have a pair of horns on your head.
You have razor-sharp toenails.
Your mind is acute. (Int +2)
You are strong-willed. (Will+)


Message History

You are too injured to fight recklessly!
Casting: Beastly Appendage (safe; 14% risk of failure)
Confirm with . or Enter, or press ? or * to list all spells.
Okay, then.
You barely miss the adder.
The adder is severely wounded.
You feel sick. The adder closely misses you.
You barely miss the adder.
The adder is severely wounded.
The adder closely misses you. The adder bites you.
* * * LOW HITPOINT WARNING * * *
You closely miss the adder. You claw the adder, but do no damage.
Your punch misses the adder.
The adder is severely wounded.
* * * LOW HITPOINT WARNING * * *
You feel sick. The adder bites you.
* * * LOW HITPOINT WARNING * * *
It was a potion of mutation.
You feel extremely strange.
You feel clever.
You feel strong-willed.
You die...

#.....#
#.....#
#.....##
#......#
#......#
#......##
#.......#
#.@# #S##
#. .. ...
...(
#....
#((..


You could see an adder.

Vanquished Creatures
  A dart slug (D:1)
  A leopard gecko (D:1)
  3 bats (D:1)
  A giant cockroach (D:1)
  2 goblins (D:1)
  2 hobgoblins (D:1)
  2 jackals (D:1)
  A kobold (D:1)
  2 frilled lizards (D:1)
  2 rats (D:1)
17 creatures vanquished.

Notes
Turn   | Place    | Note
-------+----------+-------------------------------------------
     0 | D:1      | sankara the Minotaur Transmuter began the quest for the
                  | Orb.
     0 | D:1      | Reached XP level 1. HP: 16/16 MP: 1/1
   145 | D:1      | Reached XP level 2. HP: 23/23 MP: 0/3
   152 | D:1      | Learned a level 2 spell: Wereblood
  1034 | D:2      | HP: 1/23 [adder (2)]
  1035 | D:2      | Gained mutation: Your mind is acute. (Int +2) [potion of
                  | mutation]
  1035 | D:2      | Gained mutation: You are strong-willed. (Will+) [potion of
                  | mutation]
  1035 | D:2      | Succumbed to an adder's poison

Illustrated notes

Levels and vault maps discovered:
D:1:      shiori_arrival_elements, layout_loops_cross, st_stairs_14,
          minmay_pentomino_z4
D:2:      layout_rooms

Skill      XL: |  1  2 |
---------------+-------+-----
Transmutations | 2 |  2.0
Fighting       | |  1.5
Dodging        | |  2.4
Unarmed Combat | |  3.6
Spellcasting   | |  1.5

Action                   || total
-------------------------++-------
Melee: Unarmed           ||    52
       Headbutt          ||     8
       Kick              ||     6
Throw: Dart              ||     4
 Cast: Beastly Appendage ||    14
  Use: Potion            ||     1
Armor: Robe              ||     7
Dodge: Dodged            ||    32
